 Dungeon Crawl Stone Soup version 0.22-a0-3-g4fa69d9 (webtiles) character file.

20866 reaverb the Gouger (level 12, -7/58 HPs)
             Began as a Felid Wanderer on Dec 30, 2017.
             Was the Champion of Zin.
             Killed from afar by an efreet (24 damage)
             ... with a bolt of fire
             ... on level 13 of the Dungeon on Jan 1, 2018.
             The game lasted 02:29:49 (41036 turns).

reaverb the Gouger (Felid Wanderer)                Turns: 41036, Time: 02:29:50

Health: -7/58      AC:  3    Str:  6    XL:     12   Next: 49%
Magic:  4/19       EV: 32    Int: 15    God:    Zin [******]
Gold:   1176       SH:  3    Dex: 21    Spells: 2/11 levels left
                                        Lives:  0   Deaths: 3

rFire    . . .     SeeInvis +     - Unarmed
rCold    + . .     Gourm    .   (shield unavailable)
rNeg     . . .     Faith    .   (armour unavailable)
rPois    +         Spirit   .   (helmet unavailable)
rElec    .         Reflect  +   (cloak unavailable)
rCorr    .         Harm     .   (gloves unavailable)
MR       +....                  (boots unavailable)
Stlth    ++++++....             z - +3 amulet of reflection
HPRegen  0.19/turn              e - ring of poison resistance
MPRegen  0.16/turn              H - ring of wizardry

@: shrouded (expiring), infused, reciting, very slightly contaminated, studying
Ice Magic, quick
A: very small, no armour, no weapons or thrown items, stealth, claws 1, fangs 3,
see invisible, carnivore, speed 1, shaggy fur 3, slow metabolism 1, sharp paws
a: Recite, Vitalisation, Imprison, Sanctuary, Donate Gold, Renounce Religion


You were on level 13 of the Dungeon.
You worshipped Zin.
Zin was exalted by your worship.
You were not hungry.

You visited 4 branches of the dungeon, and saw 22 of its levels.
You also visited: Sewer.

You collected 1692 gold pieces.
You spent 251 gold pieces at shops.
You donated 265 gold pieces to Zin.

Notes
Turn   | Place    | Note
-------+----------+-------------------------------------------
     0 | D:1      | reaverb the Felid Wanderer began the quest for the Orb.
     0 | D:1      | reaverb set off with: 2 scrolls of blinking, a potion of lignification {!q}, a scroll of teleportation, a ration
     0 | D:1      | Reached XP level 1. HP: 9/9 MP: 2/2
   167 | D:1      | Reached XP level 2. HP: 13/13 MP: 3/3
   449 | D:1      | Huge Dmg: 5 Dmg
   451 | D:1      | Huge Dmg: 2 Dmg
   461 | D:1      | Reached XP level 3. HP: 7/16 MP: 4/4
   898 | D:2      | Huge Dmg: 4 Dmg
  1014 | D:2      | Huge Dmg: 12 Dmg
  1254 | D:2      | Huge Dmg: 8 Dmg
  1516 | D:2      | Huge Dmg: 4 Dmg
  1517 | D:2      | Huge Dmg: 4 Dmg
  1518 | D:2      | Huge Dmg: 2 Dmg
  1520 | D:2      | Huge Dmg: 3 Dmg
  1521 | D:2      | Huge Dmg: 1 Dmg
  1696 | D:2      | Reached XP level 4. HP: 19/19 MP: 5/5
  1787 | D:2      | Huge Dmg: 6 Dmg
  2266 | D:3      | Noticed Sigmund
  2437 | D:3      | Reached skill level 5 in Unarmed Combat
  2518 | D:3      | Huge Dmg: 4 Dmg
  2768 | D:4      | Noticed an ogre
  2785 | D:4      | Killed an ogre
  2785 | D:4      | Reached XP level 5. HP: 22/22 MP: 6/6
  2894 | D:4      | Huge Dmg: 6 Dmg
  2895 | D:4      | Huge Dmg: 5 Dmg
  2898 | D:4      | Huge Dmg: 3 Dmg
  3136 | D:4      | Noticed a hungry ghost
  3285 | D:4      | Gained mutation: You are covered in thick fur. (AC +2) [Felid growth]
  3285 | D:4      | Reached XP level 6. HP: 27/27 MP: 7/7
  3342 | D:4      | Huge Dmg: 7 Dmg
  3347 | D:4      | Huge Dmg: 4 Dmg
  3864 | D:4      | Found a staircase to the Ecumenical Temple.
  3870 | Temple   | Entered the Ecumenical Temple
  3879 | Temple   | Became a worshipper of Zin the Law-Giver
  3879 | Temple   | Reached * piety under Zin
  3880 | Temple   | Donated 96 gold pieces to Zin
  3928 | D:4      | Huge Dmg: 7 Dmg
  4002 | D:4      | Found Bupn's Gadget Emporium.
  4006 | D:4      | Noticed Dowan
  4007 | D:4      | Noticed Duvessa
  4020 | D:4      | Huge Dmg: 14 Dmg
  4021 | D:4      | Huge Dmg: 3 Dmg
  4391 | D:4      | Reached skill level 1 in Invocations
  4586 | D:5      | Entered Level 5 of the Dungeon
  4602 | D:5      | Reached ** piety under Zin
  4655 | D:5      | Huge Dmg: 5 Dmg
  4696 | D:5      | Reached XP level 7. HP: 25/31 MP: 8/10
  4841 | D:5      | Huge Dmg: 6 Dmg
  4849 | D:5      | Huge Dmg: 6 Dmg
  5607 | D:5      | Huge Dmg: 8 Dmg
  5890 | D:6      | Found a glowing drain.
  5924 | D:6      | Huge Dmg: 9 Dmg
  6019 | Sewer    | Entered a sewer
  6129 | Sewer    | Huge Dmg: 10 Dmg
  6133 | Sewer    | Huge Dmg: 7 Dmg
  6324 | Sewer    | Found a white marble altar of Elyvilon.
  6664 | D:6      | Huge Dmg: 7 Dmg
  6670 | D:6      | Huge Dmg: 9 Dmg
  6673 | D:6      | HP: 3/31 [ice beast (9)]
  6674 | D:6      | Huge Dmg: 13 Dmg
  6696 | D:6      | Reached skill level 5 in Dodging
  6696 | D:6      | Reached XP level 8. HP: 6/34 MP: 10/12
  7267 | D:6      | Noticed Pikel
  7287 | D:6      | Killed Pikel
  7287 | D:6      | Reached skill level 5 in Invocations
  7350 | D:6      | Found Wolurryus's Distillery.
  7358 | D:6      | Huge Dmg: 9 Dmg
  7360 | D:6      | Huge Dmg: 5 Dmg
  7368 | D:6      | Bought a potion of heal wounds for 65 gold pieces
  7368 | D:6      | Bought a potion of resistance for 130 gold pieces
  7401 | D:6      | Huge Dmg: 5 Dmg
  7732 | D:6      | Huge Dmg: 8 Dmg
  7733 | D:6      | Huge Dmg: 12 Dmg
  7995 | D:7      | Huge Dmg: 8 Dmg
  8004 | D:7      | Huge Dmg: 8 Dmg
  8004 | D:7      | Reached XP level 9. HP: 17/38 MP: 14/14
  8233 | D:7      | Huge Dmg: 11 Dmg
  8345 | D:7      | Huge Dmg: 18 Dmg
  8563 | D:7      | Huge Dmg: 15 Dmg
  8818 | D:7      | Huge Dmg: 11 Dmg
  8821 | D:6      | Huge Dmg: 13 Dmg
  9158 | D:7      | Found an ancient bone altar of Kikubaaqudgha.
  9170 | D:7      | Found a bloodstained altar of Trog.
  9170 | D:7      | Noticed Prince Ribbit
  9178 | D:7      | Killed Prince Ribbit
  9203 | D:7      | Found an ornate altar of the Wu Jian Council.
  9208 | D:7      | Found a burning altar of Makhleb.
  9441 | D:8      | Huge Dmg: 8 Dmg
  9668 | D:8      | Found a glowing golden altar of the Shining One.
  9668 | D:8      | Found a blossoming altar of Fedhas.
  9669 | D:8      | Noticed a two-headed ogre
  9695 | D:8      | Killed a two-headed ogre
  9695 | D:8      | Reached skill level 5 in Fighting
  9717 | D:8      | Found an iron altar of Okawaru.
  9756 | D:8      | Noticed Grum
  9775 | D:8      | Huge Dmg: 10 Dmg
  9778 | D:8      | Huge Dmg: 7 Dmg
  9990 | D:8      | Noticed a two-headed ogre
  9994 | D:8      | Reached XP level 10. HP: 45/45 MP: 15/15
 10037 | D:8      | Reached skill level 10 in Unarmed Combat
 10531 | D:9      | Reached *** piety under Zin
 10598 | D:9      | Noticed a gargoyle
 10616 | D:9      | Huge Dmg: 12 Dmg
 10622 | D:9      | Killed a gargoyle
 11032 | D:9      | Huge Dmg: 10 Dmg
 11067 | D:9      | Huge Dmg: 12 Dmg
 11067 | D:9      | Mangled by an orc warrior
 11068 | D:9      | Reached XP level 9. HP: -7/41 MP: 14/14
 11130 | D:9      | Found a stormy altar of Qazlal.
 11157 | D:9      | Found Fefomex's Distillery.
 11161 | D:9      | Bought a potion of agility for 56 gold pieces
 11313 | D:9      | Huge Dmg: 11 Dmg
 11314 | D:9      | Huge Dmg: 7 Dmg
 11319 | D:8      | Huge Dmg: 7 Dmg
 11543 | D:9      | Noticed a two-headed ogre
 11557 | D:9      | Huge Dmg: 10 Dmg
 11558 | D:9      | Huge Dmg: 14 Dmg
 11558 | D:9      | HP: 4/41 [acid (4)]
 11559 | D:9      | Huge Dmg: 4 Dmg
 11861 | D:8      | Huge Dmg: 23 Dmg
 12077 | D:8      | Huge Dmg: 11 Dmg
 12078 | D:8      | Huge Dmg: 8 Dmg
 12388 | D:9      | Huge Dmg: 14 Dmg
 12393 | D:9      | Huge Dmg: 21 Dmg
 12662 | D:9      | Killed a two-headed ogre
 12719 | D:10     | Entered Level 10 of the Dungeon
 12981 | D:10     | Huge Dmg: 10 Dmg
 13129 | D:10     | Noticed an unseen horror
 13147 | D:10     | Huge Dmg: 11 Dmg
 13150 | D:10     | Huge Dmg: 10 Dmg
 13154 | D:10     | Killed an unseen horror
 13154 | D:10     | Reached XP level 10. HP: 21/46 MP: 13/16
 13458 | D:10     | Huge Dmg: 10 Dmg
 13462 | D:10     | Huge Dmg: 10 Dmg
 13633 | D:10     | Huge Dmg: 12 Dmg
 13750 | D:10     | Huge Dmg: 8 Dmg
 13761 | D:10     | Huge Dmg: 23 Dmg
 14038 | D:10     | Huge Dmg: 12 Dmg
 14038 | D:10     | Reached skill level 10 in Dodging
 14508 | D:11     | Noticed an unseen horror
 14610 | D:11     | Huge Dmg: 10 Dmg
 14735 | D:11     | Huge Dmg: 8 Dmg
 14737 | D:11     | Huge Dmg: 10 Dmg
 14739 | D:11     | Huge Dmg: 8 Dmg
 14746 | D:11     | Huge Dmg: 8 Dmg
 15068 | D:11     | Huge Dmg: 13 Dmg
 15069 | D:11     | Huge Dmg: 11 Dmg
 15343 | D:11     | Reached **** piety under Zin
 15372 | D:11     | Noticed a cyclops
 15386 | D:11     | Huge Dmg: 8 Dmg
 15391 | D:11     | Huge Dmg: 19 Dmg
 15392 | D:11     | HP: 3/46 [cyclops (4)]
 15393 | D:11     | Huge Dmg: 4 Dmg
 15394 | D:11     | Killed a cyclops
 15685 | D:11     | Huge Dmg: 13 Dmg
 15686 | D:11     | Reached skill level 10 in Stealth
 15823 | D:10     | Noticed a death yak
 15825 | D:10     | Noticed a death yak
 15828 | D:10     | Noticed a death yak
 16034 | D:11     | Noticed a manticore
 16153 | D:11     | Killed a manticore
 16153 | D:11     | Reached XP level 11. HP: 45/50 MP: 17/17
 16355 | D:11     | Huge Dmg: 9 Dmg
 16360 | D:11     | Huge Dmg: 13 Dmg
 16363 | D:11     | Huge Dmg: 8 Dmg
 16653 | D:10     | Found a staircase to the Lair.
 16673 | Lair:1   | Entered Level 1 of the Lair of Beasts
 16795 | Lair:1   | Huge Dmg: 11 Dmg
 17006 | Lair:1   | Huge Dmg: 12 Dmg
 17091 | Lair:1   | Huge Dmg: 27 Dmg
 17319 | Lair:1   | Huge Dmg: 22 Dmg
 17320 | Lair:1   | Huge Dmg: 11 Dmg
 17563 | Lair:1   | Found a blossoming altar of Fedhas.
 17583 | Lair:1   | Noticed an oklob plant
 17778 | Lair:1   | Huge Dmg: 15 Dmg
 18062 | Lair:1   | Huge Dmg: 9 Dmg
 18275 | Lair:1   | Huge Dmg: 15 Dmg
 18275 | Lair:1   | HP: 3/50 [komodo dragon (32)]
 18276 | Lair:1   | Huge Dmg: 32 Dmg
 18650 | Lair:1   | Huge Dmg: 11 Dmg
 18655 | Lair:1   | Huge Dmg: 11 Dmg
 18659 | Lair:1   | Huge Dmg: 8 Dmg
 18884 | Lair:1   | Huge Dmg: 25 Dmg
 19058 | Lair:2   | Found a frozen archway.
 19063 | Lair:2   | Huge Dmg: 21 Dmg
 19066 | Lair:2   | Huge Dmg: 7 Dmg
 19295 | Lair:2   | Huge Dmg: 16 Dmg
 19298 | Lair:2   | Huge Dmg: 15 Dmg
 19554 | Lair:2   | Noticed a seven-headed hydra
 19562 | Lair:2   | Killed a seven-headed hydra
 19613 | Lair:2   | Huge Dmg: 20 Dmg
 19711 | Lair:1   | Huge Dmg: 12 Dmg
 19878 | Lair:1   | Huge Dmg: 13 Dmg
 19881 | Lair:1   | Huge Dmg: 13 Dmg
 20291 | Lair:2   | Found a hole to the Spider Nest.
 20452 | Lair:1   | Huge Dmg: 14 Dmg
 20720 | Lair:2   | Huge Dmg: 11 Dmg
 20734 | Lair:2   | Huge Dmg: 24 Dmg
 20968 | Lair:2   | Huge Dmg: 11 Dmg
 21298 | Lair:1   | Huge Dmg: 35 Dmg
 21304 | Lair:1   | HP: 2/51 [blink frog (8)]
 21305 | Lair:1   | Huge Dmg: 8 Dmg
 21678 | Lair:1   | Huge Dmg: 18 Dmg
 21862 | Lair:2   | Noticed a five-headed hydra
 21879 | Lair:2   | Killed a five-headed hydra
 21879 | Lair:2   | Gained mutation: Your thick and shaggy fur keeps you warm. (AC +3, rC+) [Felid growth]
 21879 | Lair:2   | Reached XP level 12. HP: 55/55 MP: 19/19
 21969 | Lair:1   | Huge Dmg: 14 Dmg
 22049 | Lair:2   | Huge Dmg: 18 Dmg
 22150 | Lair:2   | Huge Dmg: 17 Dmg
 22478 | Lair:2   | Huge Dmg: 10 Dmg
 22480 | Lair:2   | Huge Dmg: 17 Dmg
 22801 | Lair:3   | Huge Dmg: 17 Dmg
 22978 | Lair:3   | Huge Dmg: 14 Dmg
 23167 | Lair:3   | Huge Dmg: 12 Dmg
 23492 | Lair:2   | Huge Dmg: 15 Dmg
 23587 | Lair:2   | Huge Dmg: 17 Dmg
 23651 | Lair:2   | Noticed a death yak
 23875 | Lair:2   | Learned a level 1 spell: Infusion
 23881 | Lair:2   | Learned a level 2 spell: Shroud of Golubria
 23924 | Lair:2   | Huge Dmg: 12 Dmg
 24057 | Lair:2   | Huge Dmg: 13 Dmg
 24062 | Lair:2   | Huge Dmg: 17 Dmg
 24268 | Lair:2   | Huge Dmg: 22 Dmg
 24537 | Lair:3   | Huge Dmg: 19 Dmg
 24737 | Lair:3   | Huge Dmg: 16 Dmg
 24744 | Lair:3   | Reached skill level 1 in Translocations
 24897 | Lair:2   | Huge Dmg: 12 Dmg
 24900 | Lair:2   | Huge Dmg: 6 Dmg
 24901 | Lair:2   | Reached skill level 5 in Charms
 25095 | Lair:2   | Huge Dmg: 13 Dmg
 25106 | Lair:2   | Huge Dmg: 11 Dmg
 25113 | Lair:2   | Huge Dmg: 21 Dmg
 25370 | Lair:1   | Identified a scroll of acquirement
 25616 | Lair:2   | Huge Dmg: 23 Dmg
 25637 | Lair:2   | Huge Dmg: 9 Dmg
 25639 | Lair:2   | Zin protects you from harm!
 25645 | Lair:2   | Huge Dmg: 18 Dmg
 26048 | Lair:2   | Huge Dmg: 17 Dmg
 26059 | Lair:2   | Huge Dmg: 19 Dmg
 26335 | Lair:3   | Noticed a five-headed hydra
 26342 | Lair:3   | Killed a five-headed hydra
 26372 | Lair:3   | Huge Dmg: 12 Dmg
 26584 | Lair:4   | Noticed Snorg
 26643 | Lair:2   | Huge Dmg: 16 Dmg
 26649 | Lair:2   | Huge Dmg: 8 Dmg
 27312 | Lair:4   | Huge Dmg: 13 Dmg
 27545 | Lair:5   | Huge Dmg: 14 Dmg
 27563 | Lair:4   | Huge Dmg: 10 Dmg
 27580 | Lair:3   | Huge Dmg: 15 Dmg
 27860 | Lair:3   | Huge Dmg: 13 Dmg
 28114 | Lair:3   | Huge Dmg: 12 Dmg
 28124 | Lair:3   | Huge Dmg: 9 Dmg
 28127 | Lair:3   | Reached XP level 13. HP: 20/59 MP: 18/20
 28341 | Lair:4   | Huge Dmg: 18 Dmg
 28675 | Lair:3   | Found a staircase to the Shoals.
 28707 | Lair:4   | Noticed Nergalle
 29178 | Lair:5   | Huge Dmg: 14 Dmg
 29200 | Lair:5   | Huge Dmg: 10 Dmg
 29645 | Lair:5   | Huge Dmg: 10 Dmg
 29792 | Lair:5   | Found a viscous altar of Jiyva.
 29793 | Lair:5   | Found a staircase to the Slime Pits.
 30047 | Lair:6   | Entered Level 6 of the Lair of Beasts
 30164 | Lair:6   | Huge Dmg: 15 Dmg
 30181 | Lair:6   | Huge Dmg: 15 Dmg
 30545 | Lair:6   | Huge Dmg: 16 Dmg
 31124 | Lair:5   | Huge Dmg: 16 Dmg
 31316 | Lair:6   | Huge Dmg: 18 Dmg
 31318 | Lair:6   | Huge Dmg: 10 Dmg
 31585 | Lair:6   | Noticed a fire dragon
 31586 | Lair:6   | Found a large runed door.
 31624 | Lair:6   | Huge Dmg: 18 Dmg
 31628 | Lair:6   | Huge Dmg: 19 Dmg
 31813 | Lair:6   | Upgraded the game from 0.21-a0-641-geef9d7f to 0.22-a0
 32224 | Lair:6   | Huge Dmg: 12 Dmg
 32230 | Lair:6   | Reached skill level 10 in Fighting
 32758 | Lair:6   | Huge Dmg: 13 Dmg
 32905 | Lair:6   | Huge Dmg: 20 Dmg
 33111 | Lair:6   | Huge Dmg: 19 Dmg
 33114 | Lair:6   | Huge Dmg: 13 Dmg
 33117 | Lair:6   | Huge Dmg: 15 Dmg
 33145 | Lair:6   | Killed from afar by a rime drake
 33146 | Lair:6   | Reached XP level 12. HP: -7/58 MP: 19/19
 33269 | Lair:6   | Huge Dmg: 16 Dmg
 33490 | Lair:6   | Huge Dmg: 12 Dmg
 33491 | Lair:6   | Huge Dmg: 18 Dmg
 33492 | Lair:6   | Huge Dmg: 6 Dmg
 33828 | Lair:3   | Huge Dmg: 18 Dmg
 34019 | D:11     | Huge Dmg: 15 Dmg
 34021 | D:11     | Huge Dmg: 11 Dmg
 34283 | D:10     | Huge Dmg: 12 Dmg
 34286 | D:10     | Huge Dmg: 12 Dmg
 34420 | D:11     | Huge Dmg: 26 Dmg
 35105 | D:11     | Huge Dmg: 13 Dmg
 35109 | D:11     | Huge Dmg: 11 Dmg
 35204 | D:11     | Reached ***** piety under Zin
 35330 | D:11     | Huge Dmg: 16 Dmg
 35338 | D:11     | Huge Dmg: 16 Dmg
 35339 | D:11     | Huge Dmg: 7 Dmg
 35590 | D:11     | Huge Dmg: 17 Dmg
 35591 | D:11     | Huge Dmg: 11 Dmg
 35837 | D:11     | Noticed an ogre mage
 36054 | D:12     | Learned a level 2 spell: Slow
 36059 | D:12     | Learned a level 4 spell: Cause Fear
 36079 | D:12     | Found a staircase to the Orcish Mines.
 36146 | D:12     | Noticed a seven-headed hydra
 36151 | D:12     | Killed a seven-headed hydra
 36151 | D:12     | Reached XP level 13. HP: 61/61 MP: 20/20
 36538 | Orc:1    | Entered Level 1 of the Orcish Mines
 36542 | Orc:1    | Huge Dmg: 24 Dmg
 36792 | D:12     | Reached skill level 5 in Hexes
 36995 | Orc:1    | Huge Dmg: 13 Dmg
 37125 | D:12     | Huge Dmg: 29 Dmg
 37535 | Orc:1    | Huge Dmg: 28 Dmg
 37538 | Orc:1    | HP: 6/61 [orc warrior/dire flail of protection[an orc knight] (28)]
 37540 | D:12     | Huge Dmg: 27 Dmg
 37968 | Orc:2    | Entered Level 2 of the Orcish Mines
 37974 | Orc:2    | Noticed Saint Roka
 37980 | Orc:2    | Huge Dmg: 16 Dmg
 38064 | Orc:2    | Noticed Urug
 38066 | Orc:2    | Noticed a stone giant
 38097 | Orc:1    | Huge Dmg: 44 Dmg
 38715 | Orc:1    | Huge Dmg: 18 Dmg
 38839 | D:12     | Killed Urug
 38926 | Orc:1    | Huge Dmg: 21 Dmg
 38926 | Orc:1    | HP: 2/61 [stone giant (29)]
 38927 | Orc:1    | Huge Dmg: 38 Dmg
 39251 | Orc:1    | Huge Dmg: 16 Dmg
 39253 | Orc:1    | Huge Dmg: 16 Dmg
 39272 | Orc:1    | Demolished by a stone giant
 39273 | Orc:1    | Reached XP level 12. HP: -14/58 MP: 18/19
 39273 | Orc:1    | Upgraded the game from 0.22-a0 to 0.22-a0-3-g4fa69d9
 39328 | Orc:1    | Huge Dmg: 13 Dmg
 39328 | Orc:1    | Killed a stone giant
 39459 | Orc:1    | Huge Dmg: 15 Dmg
 39460 | Orc:1    | Huge Dmg: 24 Dmg
 39718 | Orc:1    | Huge Dmg: 12 Dmg
 39817 | Orc:1    | Huge Dmg: 13 Dmg
 40159 | Orc:2    | Noticed a stone giant
 40165 | Orc:2    | Huge Dmg: 39 Dmg
 40167 | Orc:2    | Huge Dmg: 24 Dmg
 40662 | D:13     | Huge Dmg: 25 Dmg
 40907 | D:13     | Huge Dmg: 29 Dmg
 40989 | D:13     | Reached ****** piety under Zin
 41024 | D:13     | Huge Dmg: 22 Dmg
 41026 | D:13     | Huge Dmg: 21 Dmg
 41036 | D:13     | Killed from afar by an efreet

Inventory:

Jewellery
 e - a ring of poison resistance (left paw)
 u - an uncursed ring of protection from magic
 y - an uncursed amulet of magic regeneration
 z - a +3 amulet of reflection (around neck)
 H - a ring of wizardry (right paw)
 I - an uncursed ring of ice
 L - an uncursed ring of fire {unknown}
Wands
 b - a wand of paralysis (4)
 r - a wand of enslavement (3)
 v - a wand of digging (12)
 w - a wand of disintegration (7)
 E - a wand of scattershot (7)
 F - a wand of iceblast (19)
Scrolls
 a - 2 scrolls of blinking
 c - 15 scrolls of teleportation
 f - 3 scrolls of magic mapping
 g - 3 scrolls of fog
 l - 2 scrolls of immolation {!r}
 o - a scroll of identify
 p - 8 scrolls of remove curse
 G - a scroll of fear {unknown}
Potions
 h - 4 potions of brilliance
 i - 8 potions of curing
 j - 4 potions of flight
 k - 4 potions of haste
 m - a potion of might
 n - 3 potions of heal wounds
 q - a potion of resistance
 s - 3 potions of agility
 t - 2 potions of magic
 x - a potion of cancellation
Books
 C - a manual of Ice Magic {!d}
 D - a book of Fire

   Spells                             Type                      Level
   a - Ignite Poison                  Fire/Transmutation/Poison    3
   b - Fireball                       Conjuration/Fire             5
   c - Bolt of Fire                   Conjuration/Fire             6
   d - Ring of Flames                 Charms/Fire                  7
   e - Ignition                       Fire                         8
 J - a book of Debilitation

   Spells                             Type                      Level
   a - Corona                         Hexes                        1
   b - Slow                           Hexes                        2
   c - Inner Flame                    Hexes/Fire                   3
   d - Portal Projectile              Hexes/Translocation          3
   e - Cause Fear                     Hexes                        4
   f - Leda's Liquefaction            Hexes/Earth                  4
Miscellaneous
 A - a lamp of fire (inert)
 B - a phantom mirror
Comestibles
 d - 31 rations

Table legend:
 A = Turns spent in this place as a percentage of turns spent in the entire game.
 B = Non-inter-level travel turns spent in this place as a percentage of non-inter-level travel turns spent in the entire game.
 C = Inter-level travel turns spent in this place as a percentage of turns spent in this place.
 D = Turns resting spent in this place as a percentage of non-inter-level travel turns spent in this place.
 E = Turns spent auto-exploring this place as a percentage of non-inter-level travel turns spent in this place.
 F = Non-inter-level travel turns spent in this place divided by the number of levels of this place that you've seen.
                   A       B       C       D       E      F
               +-------+-------+-------+-------+-------+----------------------
         Total | 100.0 | 100.0 |   3.2 |  49.6 |   5.0 | 1727.9
       Dungeon |  54.0 |  53.7 |   3.8 |  51.0 |   8.1 | 1640.7
        Temple |   0.0 |   0.1 |   0.0 |   0.0 |   0.0 |  20.0
          Lair |  42.2 |  42.5 |   2.5 |  50.2 |   1.6 | 2813.3
  Orcish Mines |   2.9 |   3.0 |   1.3 |  17.8 |   0.0 | 586.5
         Sewer |   0.8 |   0.9 |   0.0 |  47.6 |   0.0 | 340.0
               +-------+-------+-------+-------+-------+----------------------


   Skills:
 + Level 10.3 Fighting
 + Level 14.2 Dodging
 - Level 13.1 Stealth
 * Level 14.3 Unarmed Combat
 - Level 8.2 Hexes
 - Level 5.2 Charms
 - Level 3.2 Translocations
 - Level 8.2 Invocations
 - Level 1.1 Evocations


You had 2 spell levels left.
You knew the following spells:

 Your Spells              Type           Power        Failure   Level  Hunger
a - Infusion              Chrm           ###.         1%          1    ##.....
b - Shroud of Golubria    Chrm/Tloc      ##........   2%          2    ###....
c - Slow                  Hex            ###.....     1%          2    ###....
d - Cause Fear            Hex            ###.......   3%          4    #####..


Dungeon Overview and Level Annotations

Branches:
Dungeon (13/15)            Temple (1/1) D:4            Lair (6/6) D:10
 Shoals (0/4) Lair:3       Spider (0/4) Lair:2        Slime (0/5) Lair:5
    Orc (2/2) D:12
    Elf: Orc:2       Vaults: D:13-14

Altars:
Ashenzari
Dithmenos
Fedhas
Kikubaaqudgha
Makhleb
Okawaru
Qazlal
Sif Muna
Trog
Uskayaw
Vehumet
Wu Jian
Yredelemnul
Zin
The Shining One
Jiyva

Shops:
D:4 }   D:6 !   D:9 !

Annotations:
D:3 Sigmund
D:4 exclusion: 4 doors, Dowan, Duvessa
D:6 exclusion: downstairs
D:8 !two-headed ogre, Grum
Lair:1 exclusions: downstairs and oklob plant
Lair:3 exclusion: merfolk siren
Lair:4 !Snorg, Nergalle, Snorg
Lair:5 good_items_under_statue, exclusions: downstairs and ice statue
Lair:6 1 runed door
Orc:2 !Saint Roka, Saint Roka


Innate Abilities, Weirdness & Mutations

You cannot wear armour.
You are incapable of wielding weapons or throwing items.
Your paws allow you to move quietly. (Stealth)
You have sharp claws.
You have razor-sharp teeth.
You have supernaturally acute eyesight. (SInv)
You are carnivorous and can eat meat at any time.
You cover ground quickly.
Your thick and shaggy fur keeps you warm. (AC +3, rC+)
You have a slow metabolism.
Your sharp claws are effective at attacking unaware monsters.


Message History

The white ugly thing is severely wounded.
Your shroud bends the white ugly thing's attack away.
You closely miss the white ugly thing.
The white ugly thing is severely wounded.
You scratch the white ugly thing but do no damage.
The white ugly thing is severely wounded.
The white ugly thing engulfs you but does no damage.
You closely miss the white ugly thing.
The white ugly thing is severely wounded.
The white ugly thing misses you.
You scratch the white ugly thing.
The white ugly thing is severely wounded.
The white ugly thing completely misses you.
You mangle the white ugly thing!!
You kill the white ugly thing!
Zin accepts your kill.
You see here an ugly thing corpse.
a - 2 scrolls of blinking (gained 1)
You pay a tithe of 2 gold.
You now have 1158 gold pieces (gained 17).
Your magical infusion is running out.
You pay a tithe of 2 gold.
Zin will cleanse your potions of mutation.
You now have 1176 gold pieces (gained 18).
You start resting.
Your shroud begins to fray at the edges.
You start resting.
You are no longer magically infusing your attacks.
You eat one of the 32 rations.
That ration really hit the spot!
Your shroud unravels.
Found an escape hatch in the floor.
Unknown command.
Magic restored.
An efreet comes into view. It is wielding a scimitar of flaming.
Unknown command.
Unknown command.
Unknown command.
Put on which piece of jewellery? (? for menu, Esc to quit)
Okay, then.
Unknown command.
Unknown command.
Okay, then.
Unknown command.
Unknown command.
Casting: Shroud of Golubria
Confirm with . or Enter, or press ? or * to list all spells.
You begin infusing your attacks with magical energy.
Casting: Infusion
Confirm with . or Enter, or press ? or * to list all spells.
You miscast Shroud of Golubria.
You are very lightly contaminated with residual magic.
Casting: Shroud of Golubria
Confirm with . or Enter, or press ? or * to list all spells.
Space distorts slightly along a thin shroud covering your body.
The efreet gestures at you.
The fireball explodes!
The fireball engulfs you!
Huge Dmg: -37%(-22hp) hp: 63%(36hp) Unknown command.
Unknown command.
Casting: Shroud of Golubria
Confirm with . or Enter, or press ? or * to list all spells.
The efreet is unaffected.
Casting: Cause Fear
Confirm with . or Enter, or press ? or * to list all spells.
You miscast Cause Fear.
Your skin tingles.
The efreet gestures at you.
The fireball explodes!
The fireball engulfs you!
* * * LOW HITPOINT WARNING * * *
Huge Dmg: -37%(-21hp) hp: 26%(15hp) Unknown command.
Unknown command.
Unknown command.
Unknown command.
Unknown command.
Unknown command.
Casting: Cause Fear
Confirm with . or Enter, or press ? or * to list all spells.
The efreet is unaffected.
Unknown command.
Unknown command.
Unknown command.
Press: ? - help, v - describe, . - travel The floor.
There is a cloud of flame here.
Unknown command.
Unknown command.
Unknown command.
Unknown command.
Press: ? - help, v - describe, . - travel
Here: an efreet, wielding a scimitar of flaming The floor.
Unknown command.
Unknown command.
Unknown command.
You clear your throat and prepare to recite. "Zin spoke of the doctrine of faithfulness, and..."
Your shroud begins to fray at the edges.
The efreet gestures at you. The bolt of fire hits you!
You die...

#.....(.....#.#.#.##
#.....####.........# .....##
#.##.#.#..############ ####.#
#.###...#............# #.#
#.............######.#
#.##########......#.# #.###
#............####.#.# #...#
############.####....#######.#
#.§§R..@...............#
#§####.#####...######..# #§#
#.# ##.## #..# #§# #.# #.#
#..# #§# #.# .# #..# ...§§§..#
#.# #..# ######### .># #.#
#..# ### #.# ###..# #.#
##....#


You could see an efreet.

Table legend:
 A = Kills in this place as a percentage of kills in entire the game.
 B = Kills by you in this place as a percentage of kills by you in the entire game.
 C = Kills by friends in this place as a percentage of kills by friends in the entire game.
 D = Other kills in this place as a percentage of other kills in the entire game.
 E = Experience gained in this place as a percentage of experience gained in the entire game.
 F = Experience gained in this place divided by the number of levels of this place that you have seen.
                   A       B       C       D       E      F
               +-------+-------+-------+-------+-------+----------------------
         Total | 100.0 | 100.0 | 100.0 | 100.0 | 100.0 | 3240.3
       Dungeon |  63.8 |  63.6 |  50.0 |  85.7 |  38.9 | 2228.2
          Lair |  29.9 |  30.2 |  50.0 |   0.0 |  57.1 | 7095.8
  Orcish Mines |   4.3 |   4.4 |   0.0 |   0.0 |   3.8 | 1430.5
         Sewer |   2.1 |   1.9 |   0.0 |  14.3 |   0.2 | 123.0
               +-------+-------+-------+-------+-------+----------------------

Vanquished Creatures
  A stone giant (Orc:1)
  4 hydras
  3 two-headed ogres
  Urug (D:12)
  An unseen horror (D:10)
  An orc knight (D:12)
  Pikel (D:6)
  A deep elf mage (D:11)
  5 cyclopes
  An ugly thing (D:13)
  A black mamba (Lair:2)
  2 manticores
  A centaur zombie (D:13)
  14 elephants
  A molten gargoyle (Lair:6)
  A gargoyle (D:9)
  6 rime drakes
  10 spiny frogs
  6 komodo dragons
  A troll (shapeshifter) (D:11)
  A tengu conjurer (D:10)
  A meliai (D:12)
  5 trolls
  5 polar bears
  32 blink frogs
  Prince Ribbit (D:7)
  6 hippogriffs
  6 dream sheep
  A hog (D:6)
  6 wyverns
  A vampire (D:10)
  22 yaks
  6 basilisks
  2 hungry ghosts
  A warg (Orc:1)
  An acid dragon (D:13)
  13 water moccasins
  3 hell hounds
  9 ice beasts
  12 porcupines
  2 sky beasts
  19 orc warriors
  A phantom (D:8)
  7 ogres
  An eye of draining (D:9)
  4 centaurs
  2 wolves (D:8)
  7 crocodiles
  2 big kobolds
  13 bullfrogs
  A gnoll sergeant (D:12)
  3 scorpions
  25 killer bees
  6 wights
  5 howler monkeys
  An electric eel (Lair:2)
  5 hounds
  A quasit (D:11)
  8 orc priests
  5 jellies
  3 bullfrog skeletons
  2 bullfrog zombies (D:11)
  3 centaur skeletons
  12 orc wizards
  4 iguanas
  10 worker ants
  2 killer bee zombies
  2 hound zombies
  A hound skeleton (D:9)
  2 howler monkey skeletons (D:11)
  A worker ant zombie (D:11)
  21 adders
  3 gnolls (D:11)
  5 river rats
  5 shadow imps
  A white imp (Lair:5)
  An ooze (D:7)
  An adder skeleton (D:9)
  3 worms
  2 dart slugs (D:1)
  4 leopard geckos
  47 orcs
  3 ball pythons
  5 giant cockroaches
  9 goblins
  7 hobgoblins
  12 jackals
  3 quokkas
  7 bats
  2 frilled lizards
  10 kobolds
  A leopard gecko skeleton (D:4)
  A quokka zombie (D:6)
  21 rats
  3 butterflies (Lair:2)
533 creatures vanquished.

Vanquished Creatures (collateral kills)
  A blink frog (Lair:1)
  An orc (D:11)
2 creatures vanquished.

Vanquished Creatures (others)
  A blink frog (Lair:1)
  A vampire (D:11)
  A hell hound (Lair:6)
  A wolf (D:8)
  A killer bee (D:11)
  A howler monkey (D:11)
  An adder skeleton (D:6)
  17 fungi
  6 plants
  13 toadstools (Lair:1)
43 creatures vanquished.

Grand Total: 578 creatures vanquished

Action                   |  1- 3 |  4- 6 |  7- 9 | 10-12 | 13-15 || total
-------------------------+-------+-------+-------+-------+-------++-------
Melee: Unarmed           |    96 |   127 |   391 |  1422 |   646 ||  2682
       Bite              |     9 |     7 |    35 |   190 |    87 ||   328
       Punch             |     2 |     8 |    12 |   100 |    57 ||   179
 Cast: Shroud of Golubri |       |       |       |    91 |    90 ||   181
       Infusion          |       |       |       |    70 |    89 ||   159
       Cause Fear        |       |       |       |     3 |    11 ||    14
       Slow              |       |       |       |       |     5 ||     5
Invok: Recite            |       |     3 |    12 |    13 |     2 ||    30
       Donate Gold       |       |     1 |       |       |       ||     1
       Vitalisation      |       |       |     2 |     2 |     1 ||     5
       Imprison          |       |       |       |     3 |       ||     3
Evoke: Wand              |       |       |    25 |    35 |     5 ||    65
       Lamp of fire      |       |       |       |     3 |       ||     3
       Phantom mirror    |       |       |       |       |     1 ||     1
  Use: Potion            |     1 |     2 |     2 |     7 |     1 ||    13
       Scroll            |       |     8 |     4 |    13 |     3 ||    28
 Stab: Sleeping          |    10 |    14 |    12 |    34 |     8 ||    78
       Paralysed         |       |       |     7 |     3 |       ||    10
       Distracted        |       |       |     4 |     5 |     1 ||    10
       Confused          |       |       |     1 |     1 |       ||     2
       Invisible         |       |       |       |     1 |     1 ||     2
       Fleeing           |       |       |       |       |     1 ||     1
  Eat: Chunk             |     9 |     5 |    21 |    59 |    26 ||   120
       Ration            |       |       |       |     2 |     3 ||     5
Armor: Skin              |     7 |     8 |     9 |    40 |    10 ||    74
Dodge: Dodged            |    55 |    82 |   308 |  1504 |   581 ||  2530
Block: Other             |       |       |       |    38 |    63 ||   101
       Reflection        |       |       |       |     2 |       ||     2
